AoeStats
← KND

African Clearing

505328782Analyzed
4v4 RM · 22d ago on Sep 8, 2026· 32m 52s· 8 players
Game mode
Random Map
Map size
Large (8 player)
Population
200
Speed
Normal
Resources
Standard
Victory
Conquest
Starting age
Dark Age
Ending age
Imperial Age
RankedLock teamsTeams togetherTeam positionsShared explorationLock speedFull tech treeHidden civsTurbo modeCheats
Victory
Defeat
🇺🇸 Bohemians · United States
1649
+16
🇺🇸 Inca · United States
1603
+17
🇹🇷 Tatars · Türkiye
1529
+20
🇧🇷 Huns · Brazil
1514
+22
🇦🇷 Teutons · Argentina
1656
-20
🇦🇷 Mongols · Argentina
1637
-19
🇦🇷 Franks · Argentina
1620
-18
🇦🇷 Muisca · Argentina
1615
-18
busy pushing deer
14:38 Feudal Age
19:13 Castle Age
17:03 Double-Bit Axe
18:30 Fletching
18:32 Gold Mining
19:34 Crossbowman
20:35 Bodkin Arrow
20:48 Fishing Lines
22:50 Bow Saw
27:37 Ballistics
27:56 Padded Archer Armor
31:02 Wheelbarrow
30:13 Loom
30:14 Town Watch
30:54 Horse Collar
32:58 Heavy Plow
Lastmantillidie
11:40 Loom
14:07 Feudal Age
20:03 Castle Age
19:26 Scale Mail Armor
19:44 Fletching
27:55 Redemption
heybrowazzup
13:11 Feudal Age
14:19 Loom
18:55 Castle Age
16:52 Double-Bit Axe
17:58 Fletching
21:40 Padded Archer Armor
21:50 Gold Mining
26:31 Ballistics
28:47 Bodkin Arrow
32:55 Leather Archer Armor
33:07 Husbandry
KND
9:10 Loom
12:04 Feudal Age
16:10 Castle Age
14:45 Fletching
26:57 Double-Bit Axe
27:25 Horse Collar
27:59 Bow Saw
27:46 Horse Collar
29:02 Forging
30:09 Wheelbarrow
30:15 Heavy Plow
31:21 Scale Barding Armor
33:36 Hand Cart
[Ne0] Carlos Menem
9:17 Loom
11:51 Feudal Age
12:30 Double-Bit Axe
30:08 Horse Collar
32:32 Castle Age
31:15 Gold Mining
31:18 Stone Mining
32:21 Fletching
[Ne0] Nicolas del Caño
7:37 Loom
11:08 Feudal Age
11:42 Double-Bit Axe
12:10 Horse Collar
24:00 Castle Age
23:08 Scale Barding Armor
23:16 Forging
23:21 Bloodlines
23:26 Forging
24:55 Bow Saw
24:49 Town Watch
27:17 Wheelbarrow
32:45 Wheelbarrow
[Ne0] Fidel Castro
10:49 Loom
13:03 Feudal Age
14:51 Town Watch
14:54 Double-Bit Axe
17:44 Castle Age
16:15 Gold Mining
16:24 Fletching
18:37 Bow Saw
19:44 Bodkin Arrow
20:41 Ballistics
20:49 Padded Archer Armor
25:51 Padded Archer Armor
29:30 Husbandry
30:06 Stone Mining
31:24 Wheelbarrow
33:14 Hand Cart
[Ne0] Javier Milei
8:31 Loom
10:49 Feudal Age
11:37 Double-Bit Axe
15:52 Forging
18:06 Scale Barding Armor
22:06 Castle Age
22:26 Light Cavalry
24:51 Town Watch
Connection lost

Rejoining the realm…

Still unreachable

The connection could not be restored.

Session expired

The server has moved on; the page needs a fresh start.